 Dungeon Crawl Stone Soup version 0.29-a0-1019-g84f7d21838 (webtiles) character file.

Game seed: 3704468037806532549

44 IdlyInterested the Cutter (level 3, 0/28 HPs)
             Began as a Demonspawn Gladiator on Aug 10, 2022.
             Slain by a gnoll
             ... wielding a +0 whip
              (4 damage)
             ... on level 2 of the Dungeon.
             The game lasted 00:03:13 (2566 turns).

IdlyInterested the Cutter (Demonspawn Gladiator)    Turns: 2566, Time: 00:03:14

Health: 0/28       AC:  5    Str: 14    XL:     3   Next: 41%
Magic:  3/3        EV: 12    Int: 11    God:
Gold:   144        SH:  4    Dex: 14    Spells: 2/2 levels left

rFire   . . .      SeeInvis .   a - +1 rapier
rCold   . . .      Faith    .   (no shield)
rNeg    . . .      Spirit   .   b - +0 leather armour
rPois   .          Reflect  .   c - +0 helmet
rElec   .          Harm     .   h - +0 cloak
rCorr   .          Rampage  .   (no gloves)
Will    .....                   (no boots)
Stlth   +.........              (no amulet)
HPRegen 0.09/turn               (no ring)
MPRegen 0.08/turn               (no ring)

@: no status effects
A: condensation shield, weakness stinger 1
a: no special abilities


You were on level 2 of the Dungeon.
You visited 1 branch of the dungeon, and saw 2 of its levels.

You collected 144 gold pieces.

Inventory:

Hand Weapons
 a - a +1 rapier (weapon)
Missiles
 d - 3 throwing nets (quivered)
Armour
 b - a +0 leather armour (worn)
 c - a +0 helmet (worn)
 h - a +0 cloak (worn)
Potions
 i - a potion of curing {unknown}


   Skills:
 + Level 2.7 Fighting
 * Level 3.7 Short Blades
 - Level 1.7 Throwing
 - Level 2.6 Dodging


You had 2 spell levels left.
You didn't know any spells.
Your spell library contained the following spells:

 Spells                   Type           Power      Damage    Failure   Level
 Magic Dart               Conj           0%         1d3       41%         1
 Call Imp                 Summ           0%         N/A       56%         2
 Mephitic Cloud           Conj/Pois/Air  0%         N/A       80%         3


Dungeon Overview and Level Annotations

Branches:
Dungeon (2/15)

Altars:


Innate Abilities, Weirdness & Mutations

A meltable shield of frost defends you. (SH +4)
You have a small tail.


Message History

You hit the gnoll.
The gnoll is heavily wounded.
You hear a bark!
A jackal comes into view.
The gnoll hits you with a +0 whip.
The jackal barks!
You hit the gnoll.
The gnoll is almost dead.
A jackal comes into view.
The gnoll barely misses you.
You hit the gnoll.
You kill the gnoll!
It was a potion of heal wounds.
You feel much better. The gnoll closely misses you.
You hit the gnoll.
The gnoll is lightly wounded.
The gnoll hits you from afar with a +0 spear.
The gnoll hits you with a +0 whip!
You barely miss the gnoll.
The gnoll is lightly wounded.
You block the gnoll's attack.
The gnoll hits you from afar with a +0 spear.
You hit the gnoll.
The gnoll is moderately wounded.
The gnoll barely misses you. The gnoll hits you with a +0 whip.
You hit the gnoll but do no damage.
The gnoll is moderately wounded.
The gnoll hits you with a +0 whip. You block the gnoll's attack.
You hit the gnoll.
The gnoll is heavily wounded.
The gnoll hits you but does no damage. The gnoll barely misses you.
You barely miss the gnoll. You tail-slap the gnoll.
The gnoll is almost dead.
The gnoll barely misses you. The gnoll completely misses you.
You barely miss the gnoll.
The gnoll is almost dead.
The gnoll hits you from afar with a +0 spear.
* * * LOW HITPOINT WARNING * * *
The gnoll hits you with a +0 whip.
You die...

.#.#.###.#######.#.#.#.#...#.
...................#.#.#.#.#.
##.#####.####......#.#.#.#.#.
#...<#......#.#.#.#.#.
#..#.#......#.#.#.#.#.
####.#.####.#...#.#... ..#.#
#.#####.##.. ..######.# #.#
#.#...
((.hhgg@.####.#####.#.#>
.#########........#.#.#.
#..........#.#.
#........###.#.
#........#.....
#######........#.)...
#..............#.....
#..............#.....
#........#######.....


You could see 2 gnolls and 2 jackals.

Vanquished Creatures
  2 gnolls (D:2)
  A worm (D:2)
  2 ball pythons (D:1)
  3 endoplasms (D:1)
  A hobgoblin (D:1)
  A jackal (D:2)
  4 kobolds
  A bat (D:1)
  A frilled lizard (D:1)
  4 goblins
  3 rats
23 creatures vanquished.

Notes
Turn   | Place    | Note
-------+----------+-------------------------------------------
     0 | D:1      | IdlyInterested the Demonspawn Gladiator began the quest for
                  | the Orb.
     0 | D:1      | Reached XP level 1. HP: 16/16 MP: 1/1
   324 | D:1      | Reached skill level 3 in Short Blades
   627 | D:1      | Gained mutation: A meltable shield of frost defends you.
                  | (SH +4) [demonic ancestry]
   627 | D:1      | Reached XP level 2. HP: 21/22 MP: 2/2
  2551 | D:2      | Discovered your monstrous ancestry.
  2551 | D:2      | Gained mutation: You have a small tail. [demonic ancestry]
  2551 | D:2      | Reached XP level 3. HP: 14/28 MP: 3/3
  2566 | D:2      | Slain by a gnoll

Illustrated notes

Levels and vault maps discovered:
D:1:      dpeg_arrival_tiny_f, layout_loops_corners
D:2:      layout_basic

Skill      XL: |  1 |
---------------+----+-----
Short Blades   | 3 |  3.7
Fighting       | |  2.7
Throwing       | |  1.7
Dodging        | |  2.6

Action                   || total
-------------------------++-------
Melee: Rapier            ||    82
       Tailslap          ||     1
Throw: Dart              ||     6
       Javelin           ||     1
  Use: Scroll            ||     1
       Potion            ||     1
 Stab: Sleeping          ||     2
Armor: Leather armour    ||    10
Dodge: Dodged            ||    35
Block: Other             ||     6

Table legend: (Time is in decaauts)
 A = Elapsed time spent in this place.
 B = Non-inter-level travel time spent in this place.
 C = Inter-level travel time spent in this place.
 D = Time resting spent in this place.
 E = Time spent auto-exploring this place.
 F = Levels seen in this place.
 G = Mean time per level.
                   A        B        C        D        E       F      G
               +--------+--------+--------+--------+--------+-----+--------+
         Total |   2570 |   2388 |    182 |    461 |   1670 |   2 | 1285.0 |
       Dungeon |   2570 |   2388 |    182 |    461 |   1670 |   2 | 1285.0 |
               +--------+--------+--------+--------+--------+-----+--------+

Top non-repeatable levels by time:
     D:1: 1473 daAuts
     D:2: 1096 daAuts
